[Event "Late-Titled-Tuesday-Blitz-April-02-2024"]
[Site "Chess.com"]
[Date "2024.04.02"]
[Round "8"]
[White "Crazy_girl99"]
[Black "Smiechu"]
[Result "0-1"]
[WhiteElo "2622"]
[BlackElo "2511"]
[TimeControl "180+1"]
[EndTime "15:26:23 PDT"]
[Termination "Smiechu won by resignation"]

1. e4 c5 2. Nf3 g6 3. d4 cxd4 4. Nxd4 Nc6 5. Nc3 Bg7 6. Be3 Nf6 7. Bc4 O-O 8. f3 Qb6 9. Ncb5 a6 10. Nf5 Qd8 11.
Nbd4 gxf5 12. Nxf5 d5 13. Nxg7 dxc4 14. Qc1 Kxg7 15.
Bh6+ Kh8 16. Bxf8 Qxf8 17. Qf4 Be6 18. g4 Qb8 19. Qe3 Qe5 20. c3 Nd5 21. Qd2 Nf4 22. O-O-O Rd8 23. Qe3 Nd3+ 24. Kb1 Qb5 25. Rd2 Qe5 26.
h4 b5 27. a3 a5 28. Qb6 Qc5 29. Qxc5 Nxc5 30. Rxd8+ Nxd8 31. g5 Nd3 32. Rf1 Bh3 33.
Rg1 Ne6 34. Kc2 Nef4 35. Kd2 Kg7 36. Ke3 Kg6 37. Rb1 a4 38. Kd4 Kh5 39. b4 axb3 40. a4 bxa4 41. Kxc4 Be6+ 42. Kb5 a3 43. c4 a2 44.
Rxb3 a1=Q 0-1

[Event "Late-Titled-Tuesday-Blitz-April-02-2024"]
[Site "Chess.com"]
[Date "2024.04.02"]
[Round "8"]
[White "trriinu"]
[Black "FREZZY23"]
[Result "0-1"]
[WhiteElo "2283"]
[BlackElo "2429"]
[TimeControl "180+1"]
[EndTime "15:26:24 PDT"]
[Termination "FREZZY23 won on time"]

1. e4 c5 2. Nf3 d6 3. Bb5+ Nd7 4.
O-O a6 5. Be2 Ngf6 6. d3 g6 7. Nc3 Bg7 8. a4 O-O 9. a5 e5 10. h3 Rb8 11. Bg5 Qc7 12. Qd2 b5 13. axb6 Nxb6 14. b3 Rd8 15. Nh2 d5 16. exd5 Nbxd5 17. f4 exf4 18. Nxd5 Nxd5 19. Bxd8 Qxd8 20. Ra4 Bc3 21.
Qc1 Bd4+ 22. Kh1 Bb7 23. Nf3 Be3 24. Qa3 Nb4 25. Bd1 Qc8 26. Qb2 Bc6 27. Ra1 Qc7 28.
Qf6 Re8 29. Qh4 a5 30. Ng5 f6 31. Nf3 Kg7 32. Kh2 g5 33. Qh5 Re7 34. Kh1 Be8 35. Qg4 h5 36. Qf5 Bg6 0-1

[Event "Late-Titled-Tuesday-Blitz-April-02-2024"]
[Site "Chess.com"]
[Date "2024.04.02"]
[Round "8"]
[White "ChempionBg"]
[Black "Kapitan_Bayan"]
[Result "1-0"]
[WhiteElo "2242"]
[BlackElo "2272"]
[TimeControl "180+1"]
[EndTime "15:26:24 PDT"]
[Termination "ChempionBg won by resignation"]

1. d4 d5 2. c4 dxc4 3. Nf3 Nf6 4. g3 Nc6 5. Bg2 e5 6. O-O exd4 7. Qa4 Qd6 8. Qxc4 Be6 9. Qb5 Rb8 10. Bf4 Qd5 11.
Qd3 Bf5 12. Qd1 Qd7 13. Ne5 Nxe5 14. Bxe5 c5 15. Bxb8 Be7 16. b4 b6 17. bxc5 bxc5 18. Na3 O-O 19. Be5 Nd5 20. Qb3 Nc3 21. Rfe1 Be6 22.
Qb7 Qa4 23. Qxe7 Qxa3 24. Bd6 Rc8 25. Be5 Kh8 26. Bxd4 Nxe2+ 27. Rxe2 Qd3 28. Bxg7+ Kxg7 29. Rxe6 Qd4 30. Rae1 c4 31. Qg5+ Kf8 32. Qh6+ Qg7 33. Re8+ Rxe8 34. Qd6+ 1-0

[Event "Late-Titled-Tuesday-Blitz-April-02-2024"]
[Site "Chess.com"]
[Date "2024.04.02"]
[Round "8"]
[White "Mikhal867"]
[Black "RodokininEV"]
[Result "1/2-1/2"]
[WhiteElo "2528"]
[BlackElo "2690"]
[TimeControl "180+1"]
[EndTime "15:26:26 PDT"]
[Termination "Game drawn by repetition"]

1. c4 Nf6 2. Nc3 c5 3. g3 g6 4.
Bg2 Bg7 5. e4 Nc6 6. Nge2 O-O 7.
O-O e5 8. d3 d6 9. h3 Rb8 10.
f4 a6 11. f5 b5 12. g4 Nd7 13. Nd5 Nb6 14. b3 f6 15. Ng3 Nd4 16. Be3 Bb7 17. Ne2 g5 18. Nxd4 cxd4 19. Bd2 Re8 20.
Ba5 Bxd5 21. cxd5 Qd7 22. Rc1 Rec8 23. Qd2 Bf8 24. Kf2 Be7 25. Bxb6 Rxb6 26. Rxc8+ Qxc8 27. Rc1 Qb8 28. Qc2 Rb7 29. Qc6 Kf8 30. b4 Qa7 31.
Bf3 a5 32. bxa5 Qxa5 33. Rc2 Qa7 34. Bd1 Qb6 35. Qc8+ Kg7 36. Qe6 Rc7 37. Rc6 Qa5 38. Kf3 h5 39. gxh5 Qe1 40. Rxc7 Qxd1+ 41. Kf2 Qd2+ 42.
Kg1 Qe3+ 43. Kg2 Qe2+ 44. Kg1 Kh6 45. Rxe7 Qe1+ 46. Kg2 Qe2+ 47. Kg1 Qe1+ 48. Kg2 Qe2+ 49. Kg1 1/2-1/2

[Event "Late-Titled-Tuesday-Blitz-April-02-2024"]
[Site "Chess.com"]
[Date "2024.04.02"]
[Round "8"]
[White "djano"]
[Black "Good_Knight_Kiss"]
[Result "1-0"]
[WhiteElo "2648"]
[BlackElo "2499"]
[TimeControl "180+1"]
[EndTime "15:26:26 PDT"]
[Termination "djano won on time"]

1. e4 c5 2. Nc3 a6 3. g3 b5 4. Bg2 Bb7 5. d3 e6 6. Nh3 Nf6 7. O-O d6 8. f4 Be7 9. f5 exf5 10. Rxf5 O-O 11. Be3 Nc6 12. Qd2 b4 13. Ne2 Ng4 14.
Raf1 Bc8 15. R5f4 Nce5 16. Bf2 Ng6 17. Rf3 N4e5 18. Rf5 Bxf5 19. exf5 Nh8 20. Nef4 Rc8 21. Nd5 c4 22. d4 c3 23. Qe1 Nc6 24. b3 Bf6 25.
Qd1 Re8 26. Nhf4 a5 27. h4 g6 28. fxg6 hxg6 29. h5 Bg7 30. hxg6 Nxg6 31. Nh5 Bh8 32. Qg4 Rb8 33. Be4 Rc8 34. Bxg6 fxg6 35. Qxg6+ Kf8 36. Be3+ 1-0

[Event "Late-Titled-Tuesday-Blitz-April-02-2024"]
[Site "Chess.com"]
[Date "2024.04.02"]
[Round "8"]
[White "TheMagician"]
[Black "Narek_Ghimoyan"]
[Result "0-1"]
[WhiteElo "2310"]
[BlackElo "2475"]
[TimeControl "180+1"]
[EndTime "15:26:27 PDT"]
[Termination "Narek_Ghimoyan won on time"]

1. d4 Nf6 2. c4 e6 3. Nc3 d5 4.
Nf3 Be7 5. e3 O-O 6. a3 b6 7. Bd3 Bb7 8. O-O Nbd7 9. Qe2 c5 10. Rd1 cxd4 11. Nxd4 dxc4 12. Bxc4 Qc7 13. h3 Rac8 14. Ba2 Ba8 15. Bd2 Qb7 16. f3 Rc5 17. Be1 Rfc8 18. e4 Rh5 19. Rac1 Bc5 20. Bf2 Re8 21.
Ndb5 Bxf2+ 22. Qxf2 Qb8 23. Nd6 Rf8 24. Rd2 Nc5 25.
Rcd1 Bc6 26. b4 Ncd7 27. Ne2 Ne5 28. Nf4 Rh6 29. b5 Ba8 30. a4 Ng6 31. Nxg6 Rxg6 32. Kf1 Nh5 33. Nc4 Qh2 34. Qg1 Qf4 35. Qe3 Qh4 36.
Qe1 Ng3+ 37. Kg1 Qg5 38. Ne3 Nh5 39. Ng4 Nf4 40. Kh2 h5 41. Ne3 Kh7 42. Bb1 Qe5 43. Nc4 Qc7 44. e5 Qxc4 45. Rd4 Nxg2 46. Bxg6+ fxg6 47. Kxg2 Bxf3+ 48. Kh2 Qc5 0-1

[Event "Late-Titled-Tuesday-Blitz-April-02-2024"]
[Site "Chess.com"]
[Date "2024.04.02"]
[Round "8"]
[White "dedpihto_v_kozhanom_palto"]
[Black "Durarbayli"]
[Result "1/2-1/2"]
[WhiteElo "2727"]
[BlackElo "2913"]
[TimeControl "180+1"]
[EndTime "15:26:29 PDT"]
[Termination "Game drawn by repetition"]

1. c4 e5 2. Nc3 Nf6 3. Nf3 e4 4. Ng5 c6 5. Ngxe4 Nxe4 6. Nxe4 d5 7. cxd5 cxd5 8. Ng3 h5 9. e3 h4 10. Ne2 Nc6 11. d4 Bd6 12. Nf4 Bxf4 13. exf4 Bf5 14. Be2 Qb6 15. O-O h3 16. Re1 O-O-O 17. Bg4 Bxg4 18.
Qxg4+ Kb8 19. f5 hxg2 20. Bf4+ Ka8 21. b4 Qxb4 22. Rab1 Qxd4 23. Red1 Qe4 24. Re1 Qa4 25. Qg3 g6 26. f6 Rhe8 27. Bc7 Rc8 28. Bd6 Nd4 29. Qxg2 Rxe1+ 30. Rxe1 Qxa2 31. h4 Nf5 32. Bg3 Qc4 33. Re5 Nxh4 34. Qxd5 Qxd5 35. Rxd5 Nf5 36. Rd7 Nxg3 37. fxg3 Rf8 38. Kf2 a5 39. Ke3 Ka7 40. Kd4 Ka6 41. Kc4 Rc8+ 42. Kb3 Rc5 43. Rxf7 Rg5 44.
Rg7 Rxg3+ 45. Kc4 Kb6 46. f7 Rg4+ 47. Kd5 Rf4 48. Rxg6+ Kb5 49. Ke6 Rxf7 50. Kxf7 a4 51. Ke6 Kc4 52. Rg4+ Kb3 53. Kd5 a3 54. Kc5 a2 55.
Rg3+ Kb2 56. Rg2+ Kb3 57. Rg3+ Kb2 58. Rg2+ Kb3 59. Rg3+ 1/2-1/2

[Event "Late-Titled-Tuesday-Blitz-April-02-2024"]
[Site "Chess.com"]
[Date "2024.04.02"]
[Round "8"]
[White "Koalaskakistis"]
[Black "Flaccidmoves"]
[Result "1-0"]
[WhiteElo "2540"]
[BlackElo "2416"]
[TimeControl "180+1"]
[EndTime "15:26:30 PDT"]
[Termination "Koalaskakistis won by resignation"]

1. d4 Nf6 2. c4 g6 3. Nc3 Bg7 4. e4 O-O 5. Nf3 d6 6. Be2 Bg4 7. h3 Bxf3 8. Bxf3 e5 9. d5 Nfd7 10. O-O Bf6 11. Bh6 Re8 12. Qd2 a5 13. Bg4 Na6 14.
f4 exf4 15. Qxf4 Nac5 16. Rf3 Qe7 17. Raf1 Bd4+ 18. Kh1 Ne5 19. Bg5 Qf8 20. Bh6 Qe7 21.
Bg5 Qf8 22. Rg3 Nxc4 23. Be2 Be5 24. Qg4 Bxg3 25. Qxg3 Ne5 26. h4 Qg7 27. h5 gxh5 28. Qh4 Ncd7 29. Bxh5 Ng6 30. Qh3 Nde5 31. Ne2 a4 32.
Ng3 a3 33. Nf5 Qf8 34. Bh6 axb2 35. Qb3 Qxh6 36. Nxh6+ Kg7 37. Nf5+ Kf6 38. Nxd6+ Kg5 39. Rf5+ Kh6 40. Nxe8 Rxe8 41. Qxb2 1-0

[Event "Late-Titled-Tuesday-Blitz-April-02-2024"]
[Site "Chess.com"]
[Date "2024.04.02"]
[Round "8"]
[White "Manukyan_Artak"]
[Black "NitaLucian"]
[Result "1-0"]
[WhiteElo "2515"]
[BlackElo "2343"]
[TimeControl "180+1"]
[EndTime "15:26:30 PDT"]
[Termination "Manukyan_Artak won by resignation"]

1. e4 d6 2. d4 Nf6 3. f3 e5 4. d5 c6 5. c4 b5 6. Nc3 bxc4 7. Bxc4 Bb7 8. Nge2 Nbd7 9. dxc6 Bxc6 10. Nd5 Nb6 11. Nxb6 Qxb6 12. Nc3 Rd8 13. Qb3 Qxb3 14.
axb3 Rd7 15. b4 d5 16. exd5 Nxd5 17. Nxd5 Bxd5 18. Bb5 Bxb4+ 19. Kf2 Bc5+ 20. Be3 Bxe3+ 21. Kxe3 Ke7 22. Bxd7 Kxd7 23. Rxa7+ Ke6 24. Ra6+ Ke7 25. Rd1 Be6 26. b4 Rb8 27. Rb1 Bc4 28. Rc6 Bb5 29. Rc5 f6 30. f4 exf4+ 31. Kxf4 Rb7 32. Re1+ Kf7 33. Rec1 Kg6 34. Rc7 Rb6 35. R1c3 Be8 36. R3c4 Bf7 37. Rd4 Be6 38. Ke3 h5 39. Kd2 f5 40. Kc3 Kf6 41. Rc5 g5 42. b5 f4 43.
Kb4 g4 44. Rxf4+ Ke7 45. Rc6 Rb7 46. Re4 1-0

[Event "Late-Titled-Tuesday-Blitz-April-02-2024"]
[Site "Chess.com"]
[Date "2024.04.02"]
[Round "8"]
[White "ritanovikova"]
[Black "Heliosis11"]
[Result "0-1"]
[WhiteElo "2182"]
[BlackElo "2414"]
[TimeControl "180+1"]
[EndTime "15:26:32 PDT"]
[Termination "Heliosis11 won on time"]

1. e4 c5 2. Nc3 e6 3. d3 d5 4. exd5 exd5 5. d4 Nf6 6. Nf3 Nc6 7. Be2 cxd4 8. Nxd4 Bc5 9. Nxc6 bxc6 10. O-O O-O 11. Bg5 h6 12. Bh4 Bf5 13. Bd3 Bxd3 14. Qxd3 Be7 15.
Rfe1 Re8 16. Re3 d4 17. Rxe7 Qxe7 18. Bxf6 Qxf6 19. Ne2 Rad8 20. h3 c5 21. Ng3 Qe6 22. b3 g6 23. Qd2 Kg7 24. Qa5 Qe5 25. Rd1 Re7 26. a4 Rde8 27. Qb5 h5 28. h4 Qd5 29. Kh2 f5 30. Rd3 f4 31. Nf1 Qe5 32. Rf3 Rf8 33.
Nd2 Rf5 34. Nc4 Qf6 35. Rh3 f3 36. g3 Re2 37. Kg1 Qe7 38. Nb2 Re1+ 39. Kh2 Qe2 0-1

[Event "Late-Titled-Tuesday-Blitz-April-02-2024"]
[Site "Chess.com"]
[Date "2024.04.02"]
[Round "8"]
[White "HajiyevKanan"]
[Black "stasOR4ik"]
[Result "0-1"]
[WhiteElo "2599"]
[BlackElo "2450"]
[TimeControl "180+1"]
[EndTime "15:26:33 PDT"]
[Termination "stasOR4ik won by checkmate"]

1. d4 e6 2. Nf3 d5 3. c4 Nf6 4. cxd5 exd5 5. Nc3 c6 6. Qc2 g6 7. Bg5 Bg7 8. e3 Bf5 9. Bd3 Bxd3 10. Qxd3 h6 11. Bh4 O-O 12. O-O Nbd7 13. Rab1 a5 14.
Qc2 Re8 15. h3 g5 16. Bg3 Ne4 17. Nxe4 Rxe4 18. a3 h5 19. Nd2 Re6 20. b4 axb4 21.
axb4 h4 22. Bh2 Nf6 23. b5 g4 24. Qf5 Ra2 25. Nb3 g3 26. fxg3 Rxe3 27. Nc1 Rd2 28. bxc6 hxg3 29. cxb7 gxh2+ 30. Kh1 Ne4 31. Qxf7+ Kh7 32.
b8=Q Ng3+ 33. Kxh2 Nxf1+ 34. Qxf1 Qg5 35. Rb2 Rxh3+ 36. Kxh3 Qh5+ 37. Kg3 Qg5+ 38. Kh2 Qh5+ 39. Kg1 Bxd4+ 40. Qf2 Rd1# 0-1

[Event "Late-Titled-Tuesday-Blitz-April-02-2024"]
[Site "Chess.com"]
[Date "2024.04.02"]
[Round "8"]
[White "vova-79"]
[Black "alexrustemov"]
[Result "0-1"]
[WhiteElo "2561"]
[BlackElo "2857"]
[TimeControl "180+1"]
[EndTime "15:26:34 PDT"]
[Termination "alexrustemov won on time"]

1. d4 g6 2. c4 Bg7 3. Nf3 d6 4. g3 c5 5. Bg2 Nf6 6. dxc5 Qa5+ 7. Nbd2 Qxc5 8. O-O O-O 9. Qa4 Nbd7 10. b4 Qc7 11. Bb2 a5 12. a3 Nb6 13. Qb3 Be6 14. Rac1 Rfc8 15. Nd4 Bxc4 16. Nxc4 Nxc4 17. bxa5 d5 18. Bc3 e6 19. Nb5 Qc6 20. a4 Nd7 21. Bxg7 Kxg7 22.
e4 Nf6 23. exd5 exd5 24. Rfd1 Nxa5 25. Qb2 Nc4 26. Qb3 Qc5 27. Bh3 Re8 28. Nd4 Re7 29.
Bf1 Rc8 30. Bh3 Rce8 31. Bf1 Rc7 32. Nb5 Ne4 0-1

[Event "Late-Titled-Tuesday-Blitz-April-02-2024"]
[Site "Chess.com"]
[Date "2024.04.02"]
[Round "8"]
[White "wild3000"]
[Black "Kotlyar_K"]
[Result "0-1"]
[WhiteElo "2411"]
[BlackElo "2599"]
[TimeControl "180+1"]
[EndTime "15:26:34 PDT"]
[Termination "Kotlyar_K won on time"]

1. d4 Nf6 2. Nf3 g6 3. e3 Bg7 4. Be2 O-O 5. O-O c5 6. c3 d5 7. Nbd2 Nc6 8. dxc5 a5 9. Nd4 Nd7 10. Bb5 Qc7 11. a4 Nxc5 12. N2b3 Nxb3 13. Qxb3 e5 14. Nf3 Be6 15. Ng5 e4 16. Nxe6 fxe6 17. Bd2 Ne5 18. Be2 Rac8 19. Rfd1 Rf5 20. Be1 Nf3+ 21. Bxf3 exf3 22.
g3 Rh5 23. Qb5 Qe5 24. Rd4 Qf5 25. g4 Rg5 26. h3 Bxd4 27. cxd4 h5 28. Qd7 Rf8 29.
Rc1 hxg4 30. h4 Rh5 31. Rc7 Qf7 32. Qd6 Qf6 33. Bxa5 Rxh4 0-1

[Event "Late-Titled-Tuesday-Blitz-April-02-2024"]
[Site "Chess.com"]
[Date "2024.04.02"]
[Round "8"]
[White "katharinareinecke"]
[Black "maracayo"]
[Result "0-1"]
[WhiteElo "2020"]
[BlackElo "2384"]
[TimeControl "180+1"]
[EndTime "15:26:34 PDT"]
[Termination "maracayo won by resignation"]

1. d4 Nf6 2. Nf3 d6 3. g3 Nbd7 4. Bg2 e5 5. O-O Be7 6. c4 O-O 7. Nc3 c6 8. e4 exd4 9. Nxd4 Ne5 10. b3 Re8 11. Nf5 Bf8 12. Bf4 h6 13. Qc2 Qa5 14.
Rad1 Bxf5 15. exf5 Rad8 16. Rfe1 a6 17. Ne4 Nxe4 18. Bxe4 Nf3+ 19. Bxf3 Rxe1+ 20. Rxe1 Qxe1+ 21. Kg2 d5 22. f6 g6 23. cxd5 cxd5 24. Qc7 Qe8 25.
Qxb7 Qd7 26. Qxa6 d4 27. Qd3 Qe6 28. Bc7 Rd7 29. Bb6 Qxb6 30. a4 Qxf6 31. Be4 Rc7 32. Qb5 Rc3 33. b4 d3 34. Bxd3 Qd4 35. Bf1 Qxb4 36.
Qe5 Qc5 37. Qf6 Qc6+ 38. Qxc6 Rxc6 39. a5 Rc2 40. a6 Bc5 41. Bd3 Rxf2+ 42. Kh3 h5 43.
Kh4 Be7+ 44. Kh3 g5 45. g4 Rf3+ 46. Kg2 Rxd3 47. a7 Ra3 0-1

[Event "Late-Titled-Tuesday-Blitz-April-02-2024"]
[Site "Chess.com"]
[Date "2024.04.02"]
[Round "8"]
[White "N_I_Chess"]
[Black "PNEPaul"]
[Result "1/2-1/2"]
[WhiteElo "2337"]
[BlackElo "1984"]
[TimeControl "180+1"]
[EndTime "15:26:34 PDT"]
[Termination "Game drawn by repetition"]

1. d4 a6 2. e4 d6 3. Bc4 g6 4. Nc3 h6 5. Be3 Bg7 6. Qd2 e6 7. f4 b5 8. Bb3 Nd7 9. Nf3 Ne7 10. a3 O-O 11. O-O Nb6 12. Kh1 Nc4 13. Bxc4 bxc4 14. Qe2 a5 15. Qxc4 Ba6 16. Qa4 Bxf1 17. Rxf1 Qe8 18.
Qc4 c6 19. Qd3 d5 20. e5 Rb8 21. Na4 Nf5 22. Bd2 c5 23. Nxc5 Rxb2 24. Bxa5 Qb5 25. Bb4 Qxd3 26. Nxd3 Rxc2 27. Bxf8 Bxf8 28. Ra1 Rc3 29. Nf2 Rxa3 30. Rxa3 Bxa3 31. g4 Ne3 32. h3 Bb2 33. Nd3 Bc3 34. Nc5 Nc2 35. Nb3 Kf8 36.
Kh2 Ke7 37. Kg2 Kd7 38. Kf2 Kc6 39. Ke2 Nb4 40. Ke3 Kb5 41. f5 Kc4 42. Na5+ Kb5 43. Nb3 Kc4 44. Na5+ Kb5 45. Nb3 1/2-1/2

[Event "Late-Titled-Tuesday-Blitz-April-02-2024"]
[Site "Chess.com"]
[Date "2024.04.02"]
[Round "8"]
[White "guillembaches"]
[Black "Rashad_Zeynalli"]
[Result "0-1"]
[WhiteElo "2583"]
[BlackElo "2700"]
[TimeControl "180+1"]
[EndTime "15:26:35 PDT"]
[Termination "Rashad_Zeynalli won on time"]

1. d4 d5 2. Nf3 Nf6 3. c4 e6 4.
cxd5 exd5 5. Qc2 c6 6. Nc3 g6 7. Bg5 Be7 8. e3 Bf5 9. Bd3 Bxd3 10. Qxd3 Nbd7 11. Bh6 Ng4 12. Bf4 O-O 13. h3 Ngf6 14. O-O Re8 15. Rab1 Nb6 16. Ne5 Nfd7 17. Nf3 Bb4 18. Rfc1 Qe7 19. Ne5 Nxe5 20. Bxe5 Bd6 21. Bxd6 Qxd6 22. Ne2 Re4 23. b3 Rae8 24. Qd2 Qa3 25. Nf4 Kg7 26. Nd3 Qd6 27. Qa5 Nc8 28. Nc5 R4e7 29. Qd2 g5 30. b4 Nb6 31. b5 Nc4 32. Qc3 h5 33. bxc6 bxc6 34. Nb7 Qg6 35. Na5 Nxa5 36. Qxa5 g4 37. hxg4 hxg4 38. g3 Qe4 39.
Kf1 Qh1+ 40. Ke2 Qf3+ 41. Kd3 Qxf2 0-1

[Event "Late-Titled-Tuesday-Blitz-April-02-2024"]
[Site "Chess.com"]
[Date "2024.04.02"]
[Round "8"]
[White "ozates"]
[Black "BardArtem"]
[Result "1-0"]
[WhiteElo "2576"]
[BlackElo "2811"]
[TimeControl "180+1"]
[EndTime "15:26:36 PDT"]
[Termination "ozates won on time"]

1. e4 d5 2. exd5 Qxd5 3. Nc3 Qe5+ 4. Be2 Bg4 5. d4 Bxe2 6. Ngxe2 Qa5 7. O-O Nf6 8. Ng3 Nc6 9. Nce4 Nxe4 10. Nxe4 O-O-O 11. c3 e5 12. Qg4+ Kb8 13. dxe5 Qxe5 14. Bf4 Qa5 15. Qg3 f6 16. b4 Qb6 17. a4 Ne7 18. a5 Qc6 19. b5 Qc4 20. b6 Nd5 21.
Rfd1 Be7 22. Rd4 Qc6 23. bxc7+ Nxc7 24. Qxg7 Rde8 25. Ng3 Qxc3 26. Rdd1 Qc4 27. Qh6 Rc8 28. Rd7 Bc5 29. Rc1 Qb4 30. Rxc7 Rxc7 31. Bxc7+ Ka8 32.
Bf4 Rc8 33. h3 a6 34. Be3 Qa3 35. Bxc5 1-0

[Event "Late-Titled-Tuesday-Blitz-April-02-2024"]
[Site "Chess.com"]
[Date "2024.04.02"]
[Round "8"]
[White "Sanan_Sjugirov"]
[Black "Revan_2002"]
[Result "1-0"]
[WhiteElo "2963"]
[BlackElo "2737"]
[TimeControl "180+1"]
[EndTime "15:26:38 PDT"]
[Termination "Sanan_Sjugirov won on time"]

1. d4 Nf6 2. c4 g6 3. Nc3 Bg7 4. e4 d6 5. h3 O-O 6. Be3 e5 7. d5 a5 8. g4 Na6 9. Nge2 Nc5 10. Ng3 c6 11. Be2 a4 12. h4 cxd5 13. cxd5 Qa5 14.
Bxc5 Qxc5 15. a3 Bd7 16. g5 Ne8 17. h5 b5 18. Rc1 Qb6 19. Na2 f6 20. hxg6 hxg6 21.
Bg4 fxg5 22. Rh2 Ra7 23. Nb4 Nf6 24. Bxd7 Rxd7 25. Rc6 Qa7 26. Qe2 Qd4 27. Rc3 Rdf7 28. Nc6 Qb6 29. Nf1 Nh5 30. Ne3 Rf4 31. Ne7+ Kf7 32.
Nxg6 Nf6 33. Nxf4 exf4 34. Nf5 Re8 35. Rc6 Qa5+ 36. Kf1 Bf8 37. Nxd6+ Bxd6 38. Rxd6 Qc7 39. Rc6 Qe5 40. Rh6 Ng4 41. Qxg4 1-0

[Event "Late-Titled-Tuesday-Blitz-April-02-2024"]
[Site "Chess.com"]
[Date "2024.04.02"]
[Round "8"]
[White "jaskol95"]
[Black "LeninGuerra"]
[Result "0-1"]
[WhiteElo "2537"]
[BlackElo "2714"]
[TimeControl "180+1"]
[EndTime "15:26:38 PDT"]
[Termination "LeninGuerra won by checkmate"]

1. e4 c5 2. Nf3 e6 3. b3 Nc6 4. Bb2 Nf6 5. Nc3 d5 6. exd5 Nxd5 7. Nxd5 Qxd5 8. Bc4 Qh5 9. Qe2 Bd6 10. O-O-O Bd7 11. Bxg7 Rg8 12. Bf6 Qf5 13. Bb2 Nb4 14. d4 Rxg2 15. dxc5 Bxc5 16. Bd4 Bxd4 17. Rxd4 Bc6 18.
Nh4 Qg5+ 19. Kb1 Rg1+ 20. Rxg1 Qxg1+ 21. Kb2 Qg7 22. c3 Qf6 23. Ka3 Nd5 24. Bxd5 Bxd5 25.
Rxd5 Qe7+ 26. b4 exd5 27. Qb5+ Kf8 28. Nf5 Qe6 29. Qxb7 Rc8 30. Nd4 Qh3 31. Nb5 d4 32. Qd5 dxc3 33. Nd6 c2+ 34. Ka4 Qd7+ 35. b5 c1=Q 36.
Qe5 Qc2+ 37. Kb4 Qd2+ 38. Ka4 Qd1+ 39. Ka5 Qc7+ 40. Ka6 Qb6# 0-1

[Event "Late-Titled-Tuesday-Blitz-April-02-2024"]
[Site "Chess.com"]
[Date "2024.04.02"]
[Round "8"]
[White "AryanTari"]
[Black "Iball95"]
[Result "1-0"]
[WhiteElo "2976"]
[BlackElo "2910"]
[TimeControl "180+1"]
[EndTime "15:26:40 PDT"]
[Termination "AryanTari won by checkmate"]

1. e4 c5 2. Nf3 e6 3. d4 cxd4 4. Nxd4 Nf6 5. Nc3 Nc6 6. Qd3 d5 7. exd5 exd5 8. Be3 Bb4 9. a3 Ba5 10. O-O-O O-O 11. Nb3 Bxc3 12. Qxc3 Bf5 13. Bd3 Bxd3 14.
Qxd3 Rc8 15. Kb1 a5 16. Qb5 Qc7 17. Bb6 Qf4 18. f3 Rfe8 19. Rhe1 Qxh2 20. Rxe8+ Rxe8 21. Nxa5 Nxa5 22. Bxa5 Qxg2 23. Bc3 Qxf3 24. Rd3 Qh1+ 25. Ka2 Qe4 26. Bxf6 gxf6 27. Qxb7 f5 28. Qxd5 Re5 29. Rg3+ Kf8 30. Qd6+ Re7 31. Qd8+ Re8 32. Qd6+ Re7 33. Qh6+ Ke8 34. Qxh7 Qc4+ 35. Rb3 Qxc2 36. Qh8+ Kd7 37. Qd4+ Ke8 38. Rb8+ Qc8 39. Rxc8# 1-0

[Event "Late-Titled-Tuesday-Blitz-April-02-2024"]
[Site "Chess.com"]
[Date "2024.04.02"]
[Round "8"]
[White "AlexeiShirov"]
[Black "Itay121"]
[Result "1-0"]
[WhiteElo "2797"]
[BlackElo "2556"]
[TimeControl "180+1"]
[EndTime "15:26:41 PDT"]
[Termination "AlexeiShirov won by checkmate"]

1. e4 c6 2. d4 d5 3. e5 c5 4.
dxc5 e6 5. a3 Bxc5 6. Nf3 Nd7 7.
b4 Be7 8. Bb2 f6 9. c4 fxe5 10.
cxd5 exd5 11. Qxd5 Ngf6 12. Qb3 Nb6 13. Bb5+ Kf8 14.
Nxe5 Qd5 15. Qxd5 Nbxd5 16. O-O a5 17. bxa5 Rxa5 18. a4 g6 19. Nc3 Nf4 20. Rfe1 Bf5 21. Rad1 Ra8 22. g3 Nh3+ 23. Kg2 Ng5 24. h4 Nge4 25.
Nxe4 Bxe4+ 26. Rxe4 Nxe4 27. Nd7+ Kf7 28. Bc4+ Ke8 29.
Bxh8 Nd6 30. Nb6 Ra5 31. Bb3 Rc5 32. Bd4 Rc6 33. a5 Kf8 34. Ba4 Rc7 35. Nd7+ Kf7 36. Bb6 Rc3 37. Ne5+ Ke6 38. Nd3 Nc4 39. Nf4+ Kf7 40.
Nd5 Ra3 41. Nxe7 Rxa4 42. Nc8 Ra2 43. Nd6+ Nxd6 44. Rxd6 Rb2 45. Rd7+ Ke6 46. Rxb7 Kf5 47. a6 h5 48. a7 g5 49. a8=Q g4 50. Qf8+ Ke4 51. Qf4+ Kd3 52. Rd7+ Kc2 53. Qc4+ Kb1 54. Rd1# 1-0

[Event "Late-Titled-Tuesday-Blitz-April-02-2024"]
[Site "Chess.com"]
[Date "2024.04.02"]
[Round "8"]
[White "XDPS"]
[Black "Njal28"]
[Result "0-1"]
[WhiteElo "2914"]
[BlackElo "3058"]
[TimeControl "180+1"]
[EndTime "15:26:44 PDT"]
[Termination "Njal28 won by resignation"]

1. d4 g6 2. Nf3 Bg7 3. Bf4 d6 4. e3 Nd7 5. h3 e5 6. Bh2 Ne7 7. c4 O-O 8. Be2 exd4 9. exd4 Re8 10. O-O Nf5 11. Nc3 Nf6 12. Re1 Ne4 13. Nd5 c6 14. Nc3 Bd7 15. Bd3 Nxc3 16. bxc3 Qa5 17. Qb3 Qa6 18. Bxf5 Bxf5 19. Bxd6 Bd3 20. c5 Bc4 21. Qb2 Rxe1+ 22. Rxe1 Bf6 23. Be5 Be7 24. a3 b6 25. Bd6 Bf6 26. cxb6 axb6 27. Qd2 Bd5 28. Qf4 Bg7 29. Ng5 h6 30. Ne4 f5 31.
Ng3 Ra7 32. Re8+ Kh7 33. Nxf5 Rf7 34. Re7 gxf5 35. Rxf7 Bxf7 36. Qxf5+ Kg8 37. Qd7 Qc4 38. Qd8+ Kh7 39. Qc7 b5 40. Kh2 Bf6 41. f4 Kg6 42.
Bf8 Qd5 43. g4 Qa2+ 44. Kg3 Bh4+ 0-1

[Event "Late-Titled-Tuesday-Blitz-April-02-2024"]
[Site "Chess.com"]
[Date "2024.04.02"]
[Round "8"]
[White "giovannibrandao7"]
[Black "1g60-1"]
[Result "0-1"]
[WhiteElo "2180"]
[BlackElo "2399"]
[TimeControl "180+1"]
[EndTime "15:26:44 PDT"]
[Termination "1g60-1 won on time"]

1. e4 e6 2. d4 d5 3. Nd2 Nf6 4. e5 Nfd7 5. c3 c5 6. Bd3 Nc6 7. Ne2 cxd4 8. cxd4 f6 9. exf6 Nxf6 10. Nf3 Bd6 11. O-O Qc7 12. Ng3 O-O 13. a3 Bd7 14. Bd2 e5 15. dxe5 Nxe5 16. Nxe5 Bxe5 17. Rc1 Bc6 18. Bb4 Rfd8 19. Qc2 Qf7 20. Nf5 Rd7 21. Rfe1 Re8 22. Bc5 Ne4 23. Ng3 Nxc5 24. Qxc5 Bxb2 25.
Rb1 Bf6 26. Qxa7 Rde7 27. Rxe7 Qxe7 28. Nf5 Qe5 29. Qc5 g6 30. Nh6+ Kg7 31. Ng4 Qd4 32. Qxd4 Bxd4 33. h3 h5 34. Nh2 Ra8 35. Nf3 Bf6 36.
Rb3 d4 37. Bb5 Bd5 38. Rd3 Be4 39. Rb3 Rc8 40. Nd2 Bd5 41. Rd3 Rc3 42. Rxc3 dxc3 0-1

[Event "Late-Titled-Tuesday-Blitz-April-02-2024"]
[Site "Chess.com"]
[Date "2024.04.02"]
[Round "8"]
[White "CURRUTACO59"]
[Black "HipsterChess22"]
[Result "1/2-1/2"]
[WhiteElo "2251"]
[BlackElo "2187"]
[TimeControl "180+1"]
[EndTime "15:26:44 PDT"]
[Termination "Game drawn by repetition"]

1. Nf3 d5 2. d4 e6 3. c4 c6 4. e3 f5 5. Bd3 Nf6 6. O-O Bd6 7. b3 Qe7 8. a4 a5 9. Ba3 Bxa3 10. Nxa3 O-O 11.
Qc2 b6 12. Rfc1 Ne4 13. cxd5 exd5 14. Ne5 Bb7 15. f3 Nd6 16. f4 g6 17. Nb1 Rc8 18. Nd2 Na6 19. Bxa6 Rxa6 20. Qb2 c5 21. Qa3 Ne4 22.
Nxe4 dxe4 23. Rc2 Bd5 24. Rac1 Ra7 25. dxc5 Rac7 26. b4 axb4 27. Qxb4 Rxc5 28. Rxc5 Rxc5 29. Rd1 Qc7 30. h3 Rc1 31. Qd2 Rxd1+ 32. Qxd1 Qc5 33. Kf2 Kg7 34. Qd2 Bc6 35. Qb2 Kg8 36. Nxc6 Qxc6 37. Qb3+ Kg7 38. Qb2+ Kg8 39. Qb3+ Kg7 40. Qb2+ Kg8 1/2-1/2

[Event "Late-Titled-Tuesday-Blitz-April-02-2024"]
[Site "Chess.com"]
[Date "2024.04.02"]
[Round "8"]
[White "VD_coach"]
[Black "Gabcur"]
[Result "1-0"]
[WhiteElo "2591"]
[BlackElo "2356"]
[TimeControl "180+1"]
[EndTime "15:26:46 PDT"]
[Termination "VD_coach won on time"]

1. d4 d5 2. c4 c6 3. Nf3 Nf6 4. Nc3 e6 5. cxd5 exd5 6. Bg5 h6 7. Bh4 Bf5 8. e3 Be7 9. Bd3 Bxd3 10. Bxf6 Bxf6 11. Qxd3 O-O 12. O-O Nd7 13. b4 Rc8 14. b5 Qa5 15. Rfc1 Rfe8 16. g3 Nb6 17. Rab1 c5 18. dxc5 Rxc5 19. Ne2 Rxc1+ 20. Rxc1 Qxa2 21. Rc7 Re7 22. Rc2 Qa4 23. Nf4 Qe4 24. Nd2 Qxd3 25.
Nxd3 g6 26. Ra2 Nc8 27. Nf4 Rd7 28. Nb3 Kg7 29. Rd2 Ne7 30. Nc5 Rc7 31. Nfe6+ fxe6 32. Nxe6+ Kf7 33. Nxc7 h5 34. Nxd5 Nxd5 35. Rxd5 Ke6 36. e4 Be7 37. f4 a5 38. bxa6 bxa6 39.
Kg2 Bd8 40. Kf3 Bc7 41. Rc5 Kd6 42. Rc1 a5 43. e5+ Kd7 44. Ke4 a4 45. Ra1 1-0